 Dungeon Crawl Stone Soup version 0.28-a0-1622-gc30f734a66 (webtiles) character file.

Game seed: 3760991825444546545

139 Anathary the Chopper (level 5, -1/42 HPs)
             Began as a Demonspawn Monk on Jan 23, 2022.
             Killed from afar by Natasha (3 damage)
             ... with a magic dart
             ... on level 2 of the Dungeon.
             The game lasted 00:08:05 (2922 turns).

Anathary the Chopper (Demonspawn Monk)              Turns: 2922, Time: 00:08:07

Health: -1/42      AC:  9    Str: 11    XL:     5   Next: 1%
Magic:  5/5        EV: 13    Int: 12    God:
Gold:   68         SH:  0    Dex: 17    Spells: 4/4 levels left

rFire   . . .      SeeInvis .   a - +0 hand axe
rCold   . . .      Faith    .   (no shield)
rNeg    . . .      Spirit   .   b - +0 robe
rPois   .          Reflect  .   (no helmet)
rElec   .          Harm     .   d - +0 cloak
rCorr   .          Rampage  .   (no gloves)
Will    .....                   (no boots)
Stlth   ++........              (no amulet)
HPRegen 0.14/turn               (no ring)
MPRegen 0.09/turn               (no ring)

@: sanguine armoured
A: hooves 1, powered by pain 1, sanguine armour 1
a: no special abilities


You were on level 2 of the Dungeon.
You visited 1 branch of the dungeon, and saw 2 of its levels.

You collected 68 gold pieces.

Inventory:

Hand Weapons
 a - a +0 hand axe (weapon)
Missiles
 i - 2 throwing nets (quivered)
Armour
 b - a +0 robe (worn)
 d - a +0 cloak (worn)
Jewellery
 m - a ring of positive energy
Scrolls
 c - a scroll of teleportation {unknown}
 e - a scroll of vulnerability {unknown}
 f - 2 scrolls of noise {unknown}
 h - a scroll of enchant weapon {unknown}
 k - 2 scrolls of fog {unknown}
 n - a scroll of amnesia {unknown}
Potions
 g - 2 potions of lignification {unknown}
 j - a potion of berserk rage {unknown}
 l - a potion of ambrosia {unknown}


   Skills:
 + Level 3.7 Fighting
 + Level 4.0 Axes
 + Level 3.7 Dodging
 - Level 1.8 Stealth


You had 4 spell levels left.
You didn't know any spells.
Your spell library was empty.

Dungeon Overview and Level Annotations

Branches:
Dungeon (2/15)

Altars:

Annotations:
D:2 Natasha


Innate Abilities, Weirdness & Mutations

You have large cloven feet.
You sometimes gain a little power by taking damage.
When seriously injured, your blood forms armour. (AC +6)


Message History

Natasha is moderately wounded.
Natasha misses you. The white imp gestures at you. The puff of frost hits you!
Your blood congeals into armour.
You hit Natasha.
Natasha is moderately wounded.
The white imp laughs crazily.
Natasha closely misses you.
You hit Natasha but do no damage.
Natasha is moderately wounded.
You hit the white imp but do no damage. The white imp closely misses you.
Natasha claws you but does no damage.
You hit Natasha but do no damage.
Natasha is moderately wounded.
You hit the white imp but do no damage. The white imp hits you.
The white imp freezes you.
Natasha casts a spell.
You hit Natasha but do no damage.
Natasha is moderately wounded.
You hit the white imp. The white imp gestures at you.
The puff of frost hits you.
* * * LOW HITPOINT WARNING * * *
Natasha barely misses you.
The crimson imp blinks!
You hit Natasha but do no damage.
Natasha is moderately wounded.
You barely miss the white imp. The white imp barely misses you.
Natasha mewls in sadness.
Natasha misses you. The white imp gestures at you. The puff of frost hits you.
* * * LOW HITPOINT WARNING * * *
You hit Natasha.
Natasha is heavily wounded.
You completely miss the white imp. Natasha claws you.
* * * LOW HITPOINT WARNING * * *
The white imp closely misses you.
Natasha stares at you and mumbles some strange words.
The magic dart hits you.
You die...

###...>...## #........##
#.........##############
#.>..#..#.......##......
##.#.#...5#####.##.#####
#.#.#.#.### #)##.#
#..)..#...# ##.##)#
#....5###.###...#.#
#.....@.........).#
#.###.h##.###...###
#.#.......# ##.##
#.)#...#######.########
#.###..........>.......
#.## ##5....####.#######
## #.####.####.##
#..###...##..)##
................#


You could see Natasha (resistant), a crimson imp (summoned) and a white imp
(summoned).

Vanquished Creatures
  Natasha (D:2)
  6 gnolls (D:2)
  2 dart slugs (D:1)
  5 ball pythons (D:1)
  4 bats (D:1)
  3 endoplasms (D:1)
  A giant cockroach (D:1)
  8 goblins
  5 hobgoblins (D:1)
  2 jackals (D:1)
  4 quokkas (D:1)
  2 frilled lizards
  3 kobolds
  3 rats
49 creatures vanquished.

Vanquished Creatures (others)
  6 withered plants (D:2)
6 creatures vanquished.

Grand Total: 55 creatures vanquished

Notes
Turn   | Place    | Note
-------+----------+-------------------------------------------
     0 | D:1      | Anathary the Demonspawn Monk began the quest for the Orb.
     0 | D:1      | Reached XP level 1. HP: 18/18 MP: 1/1
   684 | D:1      | Gained mutation: When seriously injured, your blood forms
                  | armour. (AC +6) [demonic ancestry]
   684 | D:1      | Reached XP level 2. HP: 21/24 MP: 2/2
   742 | D:1      | Reached skill level 3 in Axes
  1083 | D:1      | Reached XP level 3. HP: 29/29 MP: 3/3
  1754 | D:2      | Found a faded altar of an unknown god.
  1903 | D:2      | Gained mutation: You have large cloven feet. [demonic
                  | ancestry]
  1903 | D:2      | Reached XP level 4. HP: 25/35 MP: 4/4
  2702 | D:2      | Noticed Natasha
  2713 | D:2      | Killed Natasha
  2714 | D:2      | Reached skill level 4 in Axes
  2714 | D:2      | Gained mutation: You sometimes gain a little power by
                  | taking damage. [demonic ancestry]
  2714 | D:2      | Reached XP level 5. HP: 24/42 MP: 5/5
  2907 | D:2      | Noticed Natasha
  2922 | D:2      | HP: 2/42 [Natasha (6)]
  2922 | D:2      | Killed from afar by Natasha

Illustrated notes

Levels and vault maps discovered:
D:1:      saegor_arrival_simple_a, layout_rooms
D:2:      layout_loops_ring, ebering_ecumenical_altar_petrified, uniq_natasha

Skill      XL: |  1  2  3  4 |
---------------+-------------+-----
Axes           | 3 4 |  4.0
Dodging        | 3 |  3.7
Fighting       | |  3.7
Stealth        | |  1.8

Action                   |  1- 3 |  4- 6 || total
-------------------------+-------+-------++-------
Melee: Hand axe          |   150 |    60 ||   210
       Kick              |       |    20 ||    20
       Punch             |       |     3 ||     3
 Stab: Sleeping          |     6 |     1 ||     7
Armor: Robe              |    35 |     7 ||    42
Dodge: Dodged            |   124 |    44 ||   168

Table legend: (Time is in decaauts)
 A = Elapsed time spent in this place.
 B = Non-inter-level travel time spent in this place.
 C = Inter-level travel time spent in this place.
 D = Time resting spent in this place.
 E = Time spent auto-exploring this place.
 F = Levels seen in this place.
 G = Mean time per level.
                   A        B        C        D        E       F      G
               +--------+--------+--------+--------+--------+-----+--------+
         Total |   2950 |   2936 |     14 |   1746 |    198 |   2 | 1475.0 |
       Dungeon |   2950 |   2936 |     14 |   1746 |    198 |   2 | 1475.0 |
               +--------+--------+--------+--------+--------+-----+--------+

Top non-repeatable levels by time:
     D:1: 1766 daAuts
     D:2: 1183 daAuts
